 Dungeon Crawl Stone Soup version 0.32-a0-40-g2adb59ae06 (webtiles) character file.

Game seed: 7118218710614958982

396 CougarLife the Shield-Bearer (level 6, -1/53 HPs)
             Began as a Gnoll Fighter on Jan 24, 2024.
             Was an Initiate of Ru.
             Slain by an orc
             ... wielding a +0 flail
              (4 damage)
             ... on level 3 of the Dungeon.
             The game lasted 00:02:56 (2158 turns).

CougarLife the Shield-Bearer (Gnoll Fighter)        Turns: 2158, Time: 00:02:56

Health: -1/53      AC:  7    Str: 17    XL:     6   Next: 83%
Magic:  9/9        EV: 10    Int:  8    God:    Ru [......]
Gold:   50         SH:  5    Dex: 11    Spells: 9/9 levels left

rFire   . . .        a - +0 war axe
rCold   . . .        c - +0 buckler
rNeg    . . .        b - +0 scale mail
rPois   .            (no helmet)
rElec   .            (no cloak)
rCorr   .            (no gloves)
SInv    .            (no boots)
Will    .....        (no amulet) Stlth
                     (no ring)
HPRegen 0.28/turn    (no ring)
MPRegen 0.11/turn

%: no passive effects
@: no status effects
A: fangs 1, strong nose, distributed training
a: Renounce Religion


You were on level 3 of the Dungeon.
You worshipped Ru.
Ru was noncommittal.
You visited 1 branch of the dungeon, and saw 3 of its levels.

You collected 50 gold pieces.

Inventory:

Hand Weapons
 a - a +0 war axe (weapon)
Armour
 b - a +0 scale mail (worn)
 c - a +0 buckler (worn)
Scrolls
 e - 2 scrolls of fog {unknown}
 g - 2 scrolls of brand weapon {unknown}
 h - a scroll of fear {unknown}
 i - a scroll of vulnerability {unknown}
 l - a scroll of silence {unknown}
 m - 2 scrolls of identify {unknown}
 o - a scroll of butterflies {unknown}
Potions
 d - a potion of might
 f - 2 potions of brilliance {unknown}
 j - a potion of degeneration {unknown}
 k - a potion of invisibility {unknown}
 n - 2 potions of curing {unknown}
 p - 2 potions of berserk rage {unknown}


   Skills:
 + Level 6.9 Fighting
 + Level 2.2 Short Blades
 + Level 2.2 Long Blades
 + Level 5.1 Axes
 + Level 2.2 Maces & Flails
 + Level 2.2 Polearms
 + Level 2.2 Staves
 + Level 2.2 Ranged Weapons
 + Level 2.2 Throwing
 + Level 6.9 Armour
 + Level 2.2 Dodging
 + Level 2.2 Stealth
 + Level 6.9 Shields
 + Level 2.2 Unarmed Combat
 + Level 2.2 Spellcasting
 + Level 1.8 Conjurations
 + Level 1.8 Hexes
 + Level 1.8 Summonings
 + Level 1.8 Necromancy
 + Level 1.8 Translocations
 + Level 1.8 Fire Magic
 + Level 1.8 Ice Magic
 + Level 1.8 Air Magic
 + Level 1.8 Earth Magic
 + Level 1.8 Alchemy
 + Level 2.4 Invocations
 + Level 2.2 Evocations
 + Level 2.0 Shapeshifting


You had 9 spell levels left.
You didn't know any spells.
Your spell library contained the following spells:

 Spells                   Type           Power      Damage    Failure   Level
 Hailstorm                Conj/Ice       3%         3d5       88%         3
 Summon Ice Beast         Ice/Summ       3%         N/A       88%         3
 Sculpt Simulacrum        Ice/Alch       1%         N/A       100%        6


Dungeon Overview and Level Annotations

Branches:
Dungeon (3/15)

Altars:
Ru


Innate Abilities, Weirdness & Mutations

You have very sharp teeth.
Your uncanny sense of smell can sniff out nearby items.
Your experience applies equally to all skills.


Message History

The orc priest misses you.
You barely miss the orc priest.
The orc priest is severely wounded.
The orc priest hits you but does no damage.
You hit the orc priest but do no damage.
The orc priest is severely wounded.
You block the orc priest's attack.
You barely miss the orc priest.
The orc priest is severely wounded.
The orc priest barely misses you.
The orc priest looks braver for a moment.
The orc priest calls down the wrath of Beogh upon you.
Pain shoots through your body!
* * * LOW HITPOINT WARNING * * *
You hit the orc priest but do no damage.
The orc priest is severely wounded.
The orc priest calls down the wrath of Beogh upon you.
Pain shoots through your body!
* * * LOW HITPOINT WARNING * * *
You barely miss the orc priest.
The orc priest is severely wounded.
The orc priest looks encouraged for a moment.
You hit the orc priest.
The orc priest is almost dead.
The orc priest hits you with a +0 club.
* * * LOW HITPOINT WARNING * * *
The orc priest hits you but does no damage.
You slash the orc priest!
You kill the orc priest!
Your Shapeshifting skill increases to level 2!
Okay, then.
Okay, then.
You closely miss the hobgoblin. The hobgoblin misses you.
You slash the hobgoblin!
You kill the hobgoblin!
The orc priest invokes the aid of Beogh against you.
Pain shoots through your body!
* * * LOW HITPOINT WARNING * * *
You hit the orc but do no damage. The orc hits you with a +0 flail.
You die...

∆
#####...#########.#####....####
#...# #.###...#### #...#
#....[### ## ##.##
#..############ o# #.#
###.............. .### #.#
##...############# .ol# #.#
#).### ##o# #.# #)## #.## #.#
#@# ##o.####.# ∆ #o# #.....##.#
∆.o. #.o......# ∆ .....
#.<..##..# .....?# #######..#
..#>...# #..# ..##....# #.>..##
###### #####


You could see an orc priest and an orc.

Vanquished Creatures
  Sigmund (D:2)
  2 orc priests (D:3)
  Natasha (thrice) (D:2)
  Robin (D:3)
  2 adders (D:2)
  A dart slug (D:3)
  5 orcs (D:3)
  3 ball pythons
  2 bats
  2 endoplasms (D:1)
  A giant cockroach (D:1)
  14 goblins
  5 hobgoblins
  7 jackals (D:1)
  4 quokkas
  3 frilled lizards
  5 kobolds
  7 rats
68 creatures vanquished.

Notes
Turn   | Place    | Note
-------+----------+-------------------------------------------
     0 | D:1      | CougarLife the Gnoll Fighter began the quest for the Orb.
     0 | D:1      | Reached XP level 1. HP: 23/23 MP: 1/1
    22 | D:1      | Reached XP level 2. HP: 29/29 MP: 2/2
   312 | D:1      | Reached XP level 3. HP: 34/35 MP: 3/3
   425 | D:1      | Reached skill level 1 in Invocations
   706 | D:2      | Reached skill level 1 in Short Blades
   706 | D:2      | Reached skill level 1 in Long Blades
   706 | D:2      | Reached skill level 1 in Maces & Flails
   706 | D:2      | Reached skill level 1 in Polearms
   706 | D:2      | Reached skill level 1 in Staves
   706 | D:2      | Reached skill level 1 in Ranged Weapons
   706 | D:2      | Reached skill level 1 in Throwing
   706 | D:2      | Reached skill level 1 in Dodging
   706 | D:2      | Reached skill level 1 in Stealth
   706 | D:2      | Reached skill level 1 in Unarmed Combat
   706 | D:2      | Reached skill level 1 in Spellcasting
   706 | D:2      | Reached skill level 1 in Evocations
   873 | D:2      | Noticed Sigmund
   873 | D:2      | Noticed Natasha
   882 | D:2      | Killed Sigmund
   883 | D:2      | Reached skill level 1 in Conjurations
   883 | D:2      | Reached skill level 1 in Hexes
   883 | D:2      | Reached skill level 1 in Summonings
   883 | D:2      | Reached skill level 1 in Necromancy
   883 | D:2      | Reached skill level 1 in Translocations
   883 | D:2      | Reached skill level 1 in Fire Magic
   883 | D:2      | Reached skill level 1 in Ice Magic
   883 | D:2      | Reached skill level 1 in Air Magic
   883 | D:2      | Reached skill level 1 in Earth Magic
   883 | D:2      | Reached skill level 1 in Alchemy
   883 | D:2      | Reached skill level 1 in Shapeshifting
   883 | D:2      | Reached XP level 4. HP: 6/41 MP: 4/6
   883 | D:2      | Reached XP level 5. HP: 7/47 MP: 4/7
   883 | D:2      | Killed Natasha
   884 | D:2      | Reached XP level 6. HP: 7/53 MP: 4/8
  1073 | D:2      | Found a sacrificial altar of Ru.
  1212 | D:2      | Became a worshipper of Ru the Awakened
  1233 | D:2      | Identified the +3 leather armour of Exclusion {Rampage
                  | rCorr MP+9 Int+6}
  1356 | D:2      | Noticed Natasha
  1362 | D:2      | Killed Natasha
  1363 | D:2      | Reached skill level 5 in Axes
  1433 | D:2      | Noticed Natasha
  1445 | D:2      | Killed Natasha
  2114 | D:3      | Noticed Robin
  2138 | D:3      | Killed Robin
  2158 | D:3      | Slain by an orc

Illustrated notes

Levels and vault maps discovered:
D:1:      erik_arrival_blinker_ship, layout_loops_ring,
          minmay_misc_feat_enclosed
D:2:      layout_basic, basic_altar, serial_bayou_pond_d, uniq_sigmund,
          uniq_natasha
D:3:      layout_basic, uniq_ijyb, uniq_robin, uniq_jessica, uniq_terence

Skill      XL: |  1  2  3  4  5  6 |
---------------+-------------------+-----
Invocations    | 2 |  2.4
Short Blades   | 1 2 |  2.2
Long Blades    | 1 2 |  2.2
Maces & Flails | 1 2 |  2.2
Polearms       | 1 2 |  2.2
Staves         | 1 2 |  2.2
Ranged Weapons | 1 2 |  2.2
Throwing       | 1 2 |  2.2
Dodging        | 1 2 |  2.2
Stealth        | 1 2 |  2.2
Unarmed Combat | 1 2 |  2.2
Spellcasting   | 1 2 |  2.2
Evocations     | 1 2 |  2.2
Conjurations   | 1 |  1.8
Hexes          | 1 |  1.8
Summonings     | 1 |  1.8
Necromancy     | 1 |  1.8
Translocations | 1 |  1.8
Fire Magic     | 1 |  1.8
Ice Magic      | 1 |  1.8
Air Magic      | 1 |  1.8
Earth Magic    | 1 |  1.8
Alchemy        | 1 |  1.8
Shapeshifting  | 1 2 |  2.0
Axes           | 5 |  5.1
Fighting       | |  6.9
Armour         | |  6.9
Shields        | |  6.9

Action                     |  1- 3 |  4- 6 || total
---------------------------+-------+-------++-------
  Melee: War axe           |    84 |    77 ||   161
         Bite              |     4 |     3 ||     7
    Use: Potion            |     1 |       ||     1
 Armour: Scale mail        |    63 |    49 ||   112
  Dodge: Dodged            |    36 |    36 ||    72
  Block: Buckler           |    30 |    26 ||    56

Table legend: (Time is in decaauts)
 A = Elapsed time spent in this place.
 B = Non-inter-level travel time spent in this place.
 C = Inter-level travel time spent in this place.
 D = Time resting spent in this place.
 E = Time spent auto-exploring this place.
 F = Levels seen in this place.
 G = Mean time per level.
                   A        B        C        D        E       F      G
               +--------+--------+--------+--------+--------+-----+--------+
         Total |   2226 |   2054 |    172 |    258 |   1413 |   3 |  742.0 |
       Dungeon |   2226 |   2054 |    172 |    258 |   1413 |   3 |  742.0 |
               +--------+--------+--------+--------+--------+-----+--------+

Top non-repeatable levels by time:
     D:2: 1289 daAuts
     D:1: 699 daAuts
     D:3: 237 daAuts
